 Dungeon Crawl Stone Soup version 0.30-a0-292-g0f741e3f8e (webtiles) character file.

Game seed: 1682952094804415203

8297 Sobieck the Fighter (level 11, -2/99 HPs)
             Began as a Ghoul Monk on Oct 17, 2022.
             Was a Believer of Uskayaw.
             Slain by Urug
             ... wielding a +6 demon trident of flaming
              (6 damage)
             ... on level 9 of the Dungeon.
             The game lasted 00:25:30 (8662 turns).

Sobieck the Fighter (Ghoul Monk)                    Turns: 8662, Time: 00:25:30

Health: -2/99      AC: 23    Str: 20    XL:     11   Next: 28%
Magic:  14/16      EV:  8    Int:  5    God:    Uskayaw [**....]
Gold:   554        SH:  0    Dex: 11    Spells: 10/10 levels left

rFire   . . .      SeeInvis .      - Unarmed
rCold   + . .      Faith    .    (no shield)
rNeg    + + +      Spirit   .    A - +2 chain mail {Will+}
rPois   ∞          Reflect  .    (no helmet)
rElec   .          Harm     .    (no cloak)
rCorr   .          Rampage  .    (no gloves)
Will    +....                    l - +2 pair of boots
Stlth   ..........               q - amulet of regeneration {@e2}
HPRegen 0.00/turn                a - +4 ring of protection
MPRegen 0.15/turn                o - +4 ring of protection

@: mighty, inhibited regen
A: claws 1, cold resistance 1, negative energy resistance 3, inhibited
regeneration, torment resistance 2, devour on kill
a: Renounce Religion, Stomp, Line Pass


You were on level 9 of the Dungeon.
You worshipped Uskayaw.
Uskayaw was aware of your devotion.
You visited 2 branches of the dungeon, and saw 11 of its levels.

You collected 606 gold pieces.
You spent 52 gold pieces at shops.


Innate Abilities, Weirdness & Mutations

You are immune to poison.
You have sharp fingernails.
Your flesh is cold resistant. (rC+)
You are immune to negative energy. (rN+++)
You do not regenerate when monsters are visible.
You are immune to unholy pain and torment.
You thrive by killing the living.


   Skills:
 - Level 10.0 Fighting
 + Level 5.6 Throwing
 + Level 5.6 Armour
 - Level 2.6 Dodging
 - Level 2.1 Stealth
 - Level 9.0 Unarmed Combat
 - Level 9.0 Invocations
 - Level 4.0 Evocations


You had 10 spell levels left.
You didn't know any spells.
Your spell library contained the following spells:

 Spells                   Type           Power      Damage    Failure   Level
 Kiss of Death            Conj/Necr      0%         2d5       99%         1
 Necrotise                Necr           0%         1d4       99%         1
 Slow                     Hex            0%         N/A       99%         1
 Summon Small Mammal      Summ           0%         N/A       99%         1
 Call Canine Familiar     Summ           0%         N/A       100%        3
 Confusing Touch          Hex            0%         N/A       100%        3
 Portal Projectile        Hex/Tloc       0%         N/A       100%        3
 Summon Guardian Golem    Hex/Summ       0%         N/A       100%        3
 Vampiric Draining        Necr           0%         2d6       100%        3
 Dispel Undead            Necr           0%         3d6       100%        4
 Leda's Liquefaction      Hex/Erth       0%         N/A       100%        4
 Agony                    Necr           0%         N/A       100%        5

Inventory:

Missiles
 c - 13 poisoned darts {throwing}
 v - 29 stones {throwing}
 L - 2 atropa-tipped darts {throwing}
 U - 2 boomerangs (quivered) {throwing}
Armour
 g - the +2 scale mail of Dyw Gyag {Int+2 Dex+6}
   (You found it on level 7 of the Dungeon)

   Int:       It affects your intelligence (+2).
   Dex:       It affects your dexterity (+6).
 h - a +2 kite shield
   (You took it off a gnoll sergeant on level 8 of the Dungeon)
 i - a +0 plate armour
   (You found it on level 1 of the Dungeon)
 l - a +2 pair of boots (worn)
   (You found it on level 1 of the Dungeon)
 r - a +0 chain mail
   (You found it on level 3 of the Dungeon)
 s - a +0 chain mail
   (You found it on level 3 of the Dungeon)
 t - a +3 leather armour
   (You found it on level 5 of the Dungeon)
 A - a +2 chain mail of willpower (worn)
   (You took it off Duvessa on level 4 of the Dungeon)
 C - a +0 robe
   (You took it off Sigmund on level 3 of the Dungeon)
 F - a +0 ring mail
   (You found it on level 4 of the Dungeon)
 G - a +0 leather armour
   (You took it off Eustachio on level 4 of the Dungeon)
 J - a +0 ring mail
   (You took it off an orc on level 4 of the Dungeon)
 M - a +0 ring mail
   (You found it on level 4 of the Dungeon)
 N - a +0 leather armour
   (You took it off an orc on level 5 of the Dungeon)
 O - a +0 leather armour
   (You took it off an orc on level 5 of the Dungeon)
 P - a +0 leather armour of poison resistance
   (You took it off an orc on level 5 of the Dungeon)
 T - a +0 robe
   (You took it off an orc wizard on level 5 of the Dungeon)
 V - a +0 leather armour
   (You took it off an orc priest on level 5 of the Dungeon)
 X - a +0 leather armour
   (You took it off an orc priest on level 5 of the Dungeon)
 Y - a +0 robe
   (You took it off an orc wizard on level 5 of the Dungeon)
 Z - a +0 leather armour
   (You took it off an orc on level 7 of the Dungeon)
Jewellery
 a - a +4 ring of protection (left claw)
   (You found it on level 6 of the Dungeon)
 d - a ring of wizardry
   (You found it on level 1 of the Dungeon)
 o - a +4 ring of protection (right claw)
   (You found it on level 6 of the Dungeon)
 p - a +6 ring of dexterity
   (You found it on level 2 of the Dungeon)
 q - an amulet of regeneration (around neck) {@e2}
   (You found it on level 3 of the Dungeon)
 z - a ring of protection from fire
   (You found it on level 9 of the Dungeon)
Wands
 y - a wand of charming (4)
   (You took it off Maggie on level 6 of the Dungeon)
 I - a wand of roots (8)
   (You took it off Duvessa on level 4 of the Dungeon)
Scrolls
 e - 2 scrolls of immolation {!r!r}
 f - a scroll of summoning
 w - a scroll of torment
 B - 2 scrolls of teleportation {@r4}
 Q - a scroll of magic mapping {!r}
 R - a scroll of fear
 S - 2 scrolls of poison
 W - a scroll of enchant weapon
Potions
 b - a potion of ambrosia
 j - 3 potions of cancellation
 k - a potion of brilliance
 m - 3 potions of curing {@q1}
 n - 3 potions of might
 u - a potion of mutation
 x - 2 potions of magic
 E - a potion of haste {@q3}
 H - 2 potions of attraction {!q}
Miscellaneous
 K - a lightning rod (4/4)
   (You found it on level 4 of the Dungeon)

Dungeon Overview and Level Annotations

Branches:
Dungeon (10/15) Zot: 26957  Temple (1/1) D:4 Zot: 5933     Orc (0/2) D:9
   Lair: D:8-11

Altars:
Ashenzari
Cheibriados
Dithmenos
Fedhas
Gozag
Hepliaklqana
Kikubaaqudgha
Nemelex Xobeh
Okawaru
Qazlal
Ru
Sif Muna
Trog
Uskayaw
Vehumet
Wu Jian
Xom
Yredelemnul

Shops:
D:10 *

Annotations:
D:3 1 runed translucent door, Crazy Yiuf
D:9 Urug

############ #..........# #####
#..........# #.... #.....<....#
###.... ########
#..........######......
.......####.....o....#......#....
######....'.....@....#..#####....
######.......#####.....†####
#.......#####.####.# #
#######'##....####.# #
#.##......##.# # ####......##)##
# ####......_......# # ######
#.....##......##.### .....#
#[....##......##....


You could see Urug.


Message History

Unknown command.
Things that are here:
a +0 flail {mace}; a +0 leather armour You now have 606 gold pieces (gained 10).
You can no longer pass through a line of other dancers.
There is an entrance to Bineyrcha's Assorted Antiques here.
Okay, then.
Okay, then.
Okay, then.
Okay, then.
Thank you for shopping at Bineyrcha's Assorted Antiques!
As you read the scroll of identify, it crumbles to dust.
Q - a scroll of magic mapping Unknown command.
Unknown command.
As you open the door, it creaks loudly!
You hear a shout! x3
Unknown command.
Urug the Orcish Ballista comes into view.
She is wielding a +6 demon trident of flaming.
There is an open door here.
Danger!
You throw a boomerang {throwing}.
The boomerang {throwing} barely misses Urug.
Unknown command.
You throw a boomerang {throwing}.
The boomerang {throwing} barely misses Urug.
You hear a shout!
A kobold comes into view. It is wielding a +0 club.
Unknown command.
You throw a boomerang {throwing}.
The boomerang {throwing} hits Urug but does no damage.
A kobold brigand comes into view.
It is wielding a +0 short sword and quivering curare-tipped darts.
Unknown command.
You throw a boomerang {throwing}.
The boomerang {throwing} barely misses Urug.
The boomerang {throwing} barely misses the kobold.
The boomerang {throwing} hits the kobold brigand but does no damage.
Unknown command.
You throw a boomerang {throwing}.
The boomerang {throwing} barely misses Urug.
The boomerang {throwing} closely misses the kobold.
The boomerang {throwing} barely misses the kobold brigand.
A kobold comes into view. It is wielding a +0 short sword.
Unknown command.
There is an entrance to Bineyrcha's Assorted Antiques here.
There is a stone staircase leading up here.
Urug hits you with a +6 demon trident of flaming.
Urug burns you.
There is a stone staircase leading up here.
Unknown command.
Urug hits you with a +6 demon trident of flaming!!
Urug burns you.
You climb upwards.
There is a stone staircase leading down here.
Unknown command.
Unknown command.
You stomp with the beat, sending a shockwave through the revellers around you!
You can no longer stomp with the beat.
Urug hits you with a +6 demon trident of flaming!
Urug burns you!
* * * LOW HITPOINT WARNING * * *
Unknown command.
You claw Urug!
You can now stomp with the beat.
You scratch Urug.
Urug hits you with a +6 demon trident of flaming!
* * * LOW HITPOINT WARNING * * *
Urug burns you.
* * * LOW HITPOINT WARNING * * *
You scratch Urug but do no damage.
Urug hits you with a +6 demon trident of flaming!
* * * LOW HITPOINT WARNING * * *
Urug burns you.
* * * LOW HITPOINT WARNING * * *
Unknown command.
You feel much better.
Urug hits you with a +6 demon trident of flaming.
* * * LOW HITPOINT WARNING * * *
Urug burns you.
* * * LOW HITPOINT WARNING * * *
You feel much better. Urug hits you but does no damage.
Unknown command.
You mangle Urug!! Urug barely misses you.
You can now pass through a line of other dancers.
Unknown command.
You closely miss Urug. Your claw misses Urug.
Urug hits you with a +6 demon trident of flaming!!
* * * LOW HITPOINT WARNING * * *
Urug burns you!
* * * LOW HITPOINT WARNING * * *
Unknown command.
You feel very mighty all of a sudden.
Urug hits you with a +6 demon trident of flaming!!
* * * LOW HITPOINT WARNING * * *
Urug burns you.
* * * LOW HITPOINT WARNING * * *
Unknown command.
Unknown command.
You claw Urug!
Urug hits you with a +6 demon trident of flaming.
You die...

Skill      XL: |  1  2  3  4  5  6  7  8  9 10 11 |
---------------+----------------------------------+-----
Unarmed Combat | 4 5 6 7 8 9 |  9.0
Fighting       | 4 5 6 7 8 9 10 | 10.0
Invocations    | 3 7 9 |  9.0
Evocations     | 2 4 |  4.0
Throwing       | 2 4 5 |  5.6
Armour         | 1 4 5 |  5.6
Dodging        | |  2.6
Stealth        | |  2.1

Action                   |  1- 3 |  4- 6 |  7- 9 | 10-12 || total
-------------------------+-------+-------+-------+-------++-------
Melee: Unarmed           |    80 |   115 |   342 |   335 ||   872
       Punch             |     1 |     5 |    14 |    18 ||    38
Throw: Stone             |     9 |       |       |       ||     9
       Dart              |     1 |    10 |     8 |       ||    19
       Boomerang         |       |       |    35 |    84 ||   119
Invok: Line Pass         |       |     1 |     4 |     4 ||     9
       Stomp             |       |       |       |     6 ||     6
  Use: Scroll            |       |       |    18 |     6 ||    24
       Potion            |       |       |       |     3 ||     3
 Stab: Sleeping          |     3 |     1 |       |       ||     4
       Confused          |       |     1 |       |     1 ||     2
       Paralysed         |       |       |    10 |    20 ||    30
Armor: Robe              |     5 |       |       |       ||     5
       Ring mail         |    17 |    42 |    19 |       ||    78
       Chain mail        |       |       |   129 |   237 ||   366
Dodge: Dodged            |    40 |    83 |   123 |   151 ||   397

Levels and vault maps discovered:
D:1:      minmay_arrival_arboretum_small, layout_basic
D:2:      layout_basic, nicolae_kite_square_tiling_tiny, uniq_jessica
D:3:      cheibrodos_greedy_goblins, layout_basic, skrybe_limestone_x, hex_tiny,
          uniq_sigmund, uniq_natasha, uniq_crazy_yiuf_cottage
D:4:      minmay_clustersquares, layout_basic, minmay_temple_entry_junction_2,
          uniq_eustachio, uniq_duvessa
D:5:      minmay_angry_zag, layout_basic, kennysheep_mini,
          cheibrodos_sewer_entry_bend
D:6:      kennysheep_steamy, layout_basic, general_overflow_altar,
          dreamdust_wishing_well, hex_medium, hangedman_decor_peaks_small,
          serial_bayou_pond_a, palyth_stone_intersect, uniq_prince_ribbit1,
          uniq_maggie, uniq_edmund
D:7:      layout_rooms, nicolae_qazlal_style_of_elements, tgw_sif,
          lemuel_doored_altar, nicolae_overflow_hidden_temple
D:8:      layout_rooms, lemuel_tele_altar, sword_in_stone
D:9:      layout_roguey, mainiacjoe_overflow_catwalk,
          nicolae_overflow_crystal_walls, erik_orc_1
D:10:     layout_big_octagon, kennysheep_little_box, tso_metal_star,
          lair_entry_dummy, serial_shops, nicolae_shop_hallway_stairs, uniq_urug
Temple:   chequers_temple_sunken

Notes
Turn   | Place    | Note
-------+----------+-------------------------------------------
     0 | D:1      | Sobieck the Ghoul Monk began the quest for the Orb.
     0 | D:1      | Reached XP level 1. HP: 19/19 MP: 0/0
    94 | D:1      | Reached XP level 2. HP: 26/26 MP: 1/1
   614 | D:1      | Reached XP level 3. HP: 33/33 MP: 2/2
   719 | D:2      | Reached skill level 4 in Unarmed Combat
   761 | D:2      | Reached skill level 4 in Fighting
   927 | D:2      | Noticed Jessica
   944 | D:2      | Killed Jessica
   945 | D:2      | Reached XP level 4. HP: 27/41 MP: 3/3
  1732 | D:3      | Noticed Natasha
  1738 | D:3      | Killed Natasha
  1739 | D:3      | Reached XP level 5. HP: 38/47 MP: 4/4
  1857 | D:3      | Reached skill level 5 in Unarmed Combat
  1893 | D:3      | Reached skill level 5 in Fighting
  2113 | D:3      | Noticed Sigmund
  2132 | D:3      | Killed Sigmund
  2133 | D:3      | Reached XP level 6. HP: 56/57 MP: 5/5
  2192 | D:3      | You pick up a book of Callings and begin reading...
  2192 | D:3      | You add the spells Summon Small Mammal, Call Canine
                  | Familiar and Summon Guardian Golem to your library.
  2195 | D:3      | You pick up a book of Callings and begin reading...
  2340 | D:3      | Noticed Natasha
  2345 | D:3      | Killed Natasha
  2399 | D:3      | Noticed Natasha
  2404 | D:3      | Killed Natasha
  2405 | D:3      | Reached skill level 6 in Fighting
  2405 | D:3      | Reached skill level 6 in Unarmed Combat
  2433 | D:3      | Found a runed translucent door.
  2434 | D:3      | Noticed Crazy Yiuf
  2486 | D:4      | Found a staircase to the Ecumenical Temple.
  2501 | Temple   | Entered the Ecumenical Temple
  2539 | Temple   | Became a worshipper of Uskayaw the Reveller
  2539 | Temple   | Reached * piety under Uskayaw
  2566 | D:4      | Noticed Eustachio
  2574 | D:4      | Reached ** piety under Uskayaw
  2586 | D:4      | Killed Eustachio
  2587 | D:4      | Reached XP level 7. HP: 53/64 MP: 1/6
  2779 | D:4      | You pick up a book of Debilitation and begin reading...
  2779 | D:4      | You add the spells Slow, Vampiric Draining and Confusing
                  | Touch to your library.
  2888 | D:4      | Noticed Dowan
  3276 | D:4      | Noticed Duvessa
  3297 | D:4      | Killed Duvessa
  3298 | D:4      | Reached skill level 7 in Fighting
  3298 | D:4      | Reached skill level 7 in Unarmed Combat
  3302 | D:4      | Reached *** piety under Uskayaw
  3306 | D:4      | HP: 10/66 [Dowan/shard of ice (14)]
  3307 | D:5      | Entered Level 5 of the Dungeon
  3434 | D:4      | Killed Dowan
  3666 | D:4      | You pick up a book of Touch and begin reading...
  3666 | D:4      | You add the spells Kiss of Death and Dispel Undead to your
                  | library.
  3789 | D:4      | Reached XP level 8. HP: 65/73 MP: 7/7
  4049 | D:5      | Reached **** piety under Uskayaw
  4053 | D:5      | Reached skill level 8 in Fighting
  4053 | D:5      | Reached skill level 8 in Unarmed Combat
  4053 | D:5      | Reached skill level 1 in Invocations
  4066 | D:5      | Reached ***** piety under Uskayaw
  4167 | D:5      | Reached skill level 2 in Invocations
  4249 | D:5      | Noticed a wyvern
  4257 | D:5      | Killed a wyvern
  4317 | D:5      | Found an iron altar of Okawaru.
  4337 | D:5      | Reached skill level 3 in Invocations
  4494 | D:5      | Reached XP level 9. HP: 64/82 MP: 10/10
  4613 | D:5      | Reached skill level 9 in Fighting
  4613 | D:5      | Reached skill level 9 in Unarmed Combat
  4613 | D:5      | Reached skill level 4 in Invocations
  5041 | D:6      | Noticed Edmund
  5053 | D:5      | Reached skill level 5 in Invocations
  5159 | D:6      | Killed Edmund
  5232 | D:6      | Noticed Maggie
  5244 | D:6      | Killed Maggie
  5245 | D:6      | Reached skill level 6 in Invocations
  5287 | D:6      | Reached skill level 7 in Invocations
  5428 | D:6      | Reached skill level 1 in Evocations
  5434 | D:6      | Reached skill level 1 in Throwing
  5474 | D:6      | Reached skill level 1 in Armour
  5498 | D:6      | You pick up a book of Necromancy and begin reading...
  5498 | D:6      | You add the spells Necrotise and Agony to your library.
  5520 | D:6      | Noticed Prince Ribbit
  5534 | D:6      | Killed Prince Ribbit
  5656 | D:6      | Found a blossoming altar of Fedhas.
  6024 | D:6      | Reached skill level 2 in Evocations
  6147 | D:6      | Reached skill level 2 in Throwing
  6155 | D:6      | Reached XP level 10. HP: 84/91 MP: 14/14
  6166 | D:6      | Reached skill level 2 in Armour
  6281 | D:7      | Found a shimmering altar of Xom.
  6374 | D:7      | Found a sacrificial altar of Ru.
  6378 | D:7      | Found a hazy altar of Hepliaklqana.
  6546 | D:7      | You pick up a book of the Hunter and begin reading...
  6546 | D:7      | You add the spells Portal Projectile and Leda's
                  | Liquefaction to your library.
  6549 | D:7      | Identified the +2 scale mail of Dyw Gyag {Int+2 Dex+6}
  6658 | D:7      | Found a stormy altar of Qazlal.
  6766 | D:7      | Found a shimmering blue altar of Sif Muna.
  6951 | D:8      | Reached skill level 8 in Invocations
  7039 | D:8      | Reached skill level 3 in Throwing
  7039 | D:8      | Reached skill level 3 in Armour
  7039 | D:8      | Reached skill level 3 in Evocations
  7079 | D:8      | Found a broken altar of Ashenzari.
  7510 | D:8      | Reached skill level 10 in Fighting
  7529 | D:8      | Noticed Blork the orc
  7539 | D:8      | Killed Blork the orc
  7821 | D:9      | Reached skill level 4 in Throwing
  7821 | D:9      | Reached skill level 4 in Armour
  7821 | D:9      | Reached skill level 4 in Evocations
  7871 | D:9      | Found a shadowy altar of Dithmenos.
  7999 | D:9      | Reached skill level 9 in Invocations
  7999 | D:9      | Reached XP level 11. HP: 73/99 MP: 16/16
  8195 | D:9      | Found a bloodstained altar of Trog.
  8357 | D:9      | Found a staircase to the Orcish Mines.
  8373 | D:9      | Reached skill level 5 in Throwing
  8374 | D:9      | Reached skill level 5 in Armour
  8619 | D:10     | Entered Level 10 of the Dungeon
  8619 | D:10     | Found Bineyrcha's Assorted Antiques.
  8633 | D:10     | Bought a scroll of identify for 52 gold pieces
  8637 | D:10     | Noticed Urug
  8656 | D:9      | HP: 21/99 [Urug/+6 demon trident of flaming (4)]
  8661 | D:9      | HP: 8/99 [Urug/+6 demon trident of flaming (18)]
  8662 | D:9      | Slain by Urug

Vanquished Creatures
  Maggie (D:6)
  A troll (D:9)
  Prince Ribbit (D:6)
  A hornet (D:9)
  A wraith (D:9)
  Sigmund (D:3)
  7 yaks (D:9)
  2 wyverns
  Eustachio (D:4)
  5 steam dragons
  Edmund (D:6)
  3 ice beasts
  A swamp drake (D:9)
  6 orc warriors
  Duvessa (D:4)
  A sky beast (D:7)
  A black bear (D:5)
  2 ogres
  3 centaurs
  A phantom (D:7)
  Blork the orc (D:8)
  5 necrophages
  A bullfrog (D:7)
  3 scorpions
  4 gnoll sergeants
  A wight (D:7)
  Dowan (D:4)
  15 killer bees
  2 jellies
  11 orc priests
  5 hounds
  A gnoll bouda (D:7)
  Jessica (D:2)
  11 orc wizards
  Natasha (thrice) (D:3)
  5 iguanas
  13 gnolls
  12 adders
  2 shadow imps
  An ufetubus (D:5)
  4 worms
  9 dart slugs
  41 orcs
  7 bats
  4 endoplasms
  8 giant cockroaches
  17 goblins
  9 hobgoblins
  6 kobolds
  3 quokkas
  6 ball pythons
  2 frilled lizards
  5 rats
260 creatures vanquished.

Vanquished Creatures (others)
  A yak (D:9)
  An orc warrior (D:9)
  2 gnolls (D:7)
  4 fungi
8 creatures vanquished.

Grand Total: 268 creatures vanquished

Table legend:
 A = Non-vault XP
 B = Vault XP
 C = Vault XP percentage of total XP
 D = Non-vault monster count
 E = Vault monster count
 F = Vault count percentage of total count
                 A         B        C        D         E       F
            +---------+---------+-------+---------+---------+-------
      Total |    8298 |    3556 |  30.0 |     199 |      64 |  24.3
            +---------+---------+-------+---------+---------+-------
        D:1 |      34 |       0 |   0.0 |      17 |       0 |   0.0
        D:2 |      53 |      37 |  41.1 |      20 |       1 |   4.8
        D:3 |     101 |     270 |  72.8 |      12 |      13 |  52.0
        D:4 |     199 |     702 |  77.9 |      25 |      14 |  35.9
        D:5 |    1193 |     194 |  14.0 |      31 |       7 |  18.4
        D:6 |     907 |    1038 |  53.4 |      19 |       4 |  17.4
        D:7 |     886 |     234 |  20.9 |      19 |       3 |  13.6
        D:8 |    1267 |     594 |  31.9 |      24 |       5 |  17.2
        D:9 |    3616 |     487 |  11.9 |      28 |      17 |  37.8
       D:10 |      42 |       0 |   0.0 |       4 |       0 |   0.0
            +---------+---------+-------+---------+---------+-------

Illustrated notes

Table legend:
 A = Kills in this place as a percentage of kills in entire the game.
 B = Kills by you in this place as a percentage of kills by you in the entire game.
 C = Kills by friends in this place as a percentage of kills by friends in the entire game.
 D = Other kills in this place as a percentage of other kills in the entire game.
 E = Experience gained in this place as a percentage of experience gained in the entire game.
 F = Experience gained in this place divided by the number of levels of this place that you have seen.
                   A       B       C       D       E      F
               +-------+-------+-------+-------+-------+----------------------
         Total | 100.0 | 100.0 |   N/A | 100.0 | 100.0 | 1077.6
       Dungeon | 100.0 | 100.0 |   N/A | 100.0 | 100.0 | 1185.4
               +-------+-------+-------+-------+-------+----------------------

Table legend: (Time is in decaauts)
 A = Elapsed time spent in this place.
 B = Non-inter-level travel time spent in this place.
 C = Inter-level travel time spent in this place.
 D = Time resting spent in this place.
 E = Time spent auto-exploring this place.
 F = Levels seen in this place.
 G = Mean time per level.
                   A        B        C        D        E       F      G
               +--------+--------+--------+--------+--------+-----+--------+
         Total |   8585 |   8134 |    451 |    547 |   5478 |  11 |  780.5 |
       Dungeon |   8519 |   8086 |    433 |    547 |   5478 |  10 |  851.9 |
        Temple |     66 |     48 |     18 |      0 |      0 |   1 |   66.0 |
               +--------+--------+--------+--------+--------+-----+--------+

Top non-repeatable levels by time:
     D:4: 1206 daAuts
     D:5: 1164 daAuts
     D:6: 1086 daAuts
     D:9: 989 daAuts
     D:3: 969 daAuts
     D:2: 945 daAuts
     D:8: 730 daAuts
     D:7: 722 daAuts
     D:1: 675 daAuts
  Temple: 66 daAuts
    D:10: 31 daAuts
